 Dungeon Crawl Stone Soup version 0.27.1-34-g3ba077fa99 (webtiles) character file.

Game seed: 3604399178636092036

67 Ijustatesigmund the Skirmisher (level 4, 0/29 HPs)
             Began as a Gargoyle Fighter on Jan 31, 2022.
             Slain by Terence (2 damage)
             ... on level 2 of the Dungeon.
             The game lasted 00:01:13 (1480 turns).

Ijustatesigmund the Skirmisher (Gargoyle Fighter)   Turns: 1480, Time: 00:01:15

Health: 0/29       AC: 10    Str: 20    XL:     4   Next: 16%
Magic:  4/4        EV:  7    Int:  9    God:
Gold:   32         SH:  9    Dex:  9    Spells: 3/3 levels left

rFire    . . .     SeeInvis .   a - +0 flail
rCold    . . .     Faith    .   c - +0 kite shield
rNeg     + . .     Spirit   .   b - +0 scale mail
rPois    ∞         Reflect  .   (no helmet)
rElec    +         Harm     .   (no cloak)
rCorr    .         Rampage  .   (no gloves)
Will     .....                  (no boots)
Stlth    ..........             (no amulet)
HPRegen  0.09/turn              (no ring)
MPRegen  0.09/turn              (no ring)

@: no status effects
A: sickness immunity, AC +3, negative energy resistance 1, electricity
resistance, torment resistance 1, petrification resistance
a: no special abilities


You were on level 2 of the Dungeon.
You visited 1 branch of the dungeon, and saw 2 of its levels.

You collected 32 gold pieces.

Inventory:

Hand Weapons
 a - a +0 flail (weapon)
Armour
 b - a +0 scale mail (worn)
 c - a +0 kite shield (worn)
Jewellery
 i - an amulet of the acrobat
Scrolls
 f - a scroll of teleportation {unknown}
Potions
 d - a potion of might
 e - a potion of flight {unknown}
 g - a potion of heal wounds {unknown}
 h - a potion of curing {unknown}


   Skills:
 + Level 4.0 Fighting
 * Level 3.7 Maces & Flails
 - Level 3.2 Armour
 - Level 3.2 Shields


You had 3 spell levels left.
You didn't know any spells.
Your spell library was empty.

Dungeon Overview and Level Annotations

Branches:
Dungeon (2/15)

Altars:

Annotations:
D:2 Terence


Innate Abilities, Weirdness & Mutations

You are immune to sickness and miasma.
Your stone body is resilient. (AC +3)
You are immune to poison.
You resist negative energy. (rN+)
You are resistant to electric shocks. (rElec)
You are resistant to unholy torment.
You are immune to petrification.


Message History

You hit Terence.
Terence is lightly wounded.
Terence hits you with a +5 flail of protection.
You hit Terence but do no damage.
Terence is lightly wounded.
Terence closely misses you. Terence hits you but does no damage.
You thump Terence!
Terence is heavily wounded.
Terence hits you with a +5 flail of protection.
You hit Terence but do no damage.
Terence is heavily wounded.
You block Terence's attack.
Terence hits you with a +5 flail of protection.
You hit Terence but do no damage.
Terence is heavily wounded.
Terence hits you with a +5 flail of protection.
You hit Terence but do no damage.
Terence is heavily wounded.
Terence shouts, "Get ready for death!"
Terence hits you but does no damage. You block Terence's attack.
You thump Terence!
Terence is almost dead.
Terence asks, "Do you want it fast or slow?"
Terence hits you with a +5 flail of protection!
* * * LOW HITPOINT WARNING * * *
You are too injured to fight recklessly!
You are too injured to fight recklessly!
You are too injured to fight recklessly!
You hit Terence.
Terence is almost dead.
Terence hits you but does no damage. You block Terence's attack.
You hit Terence but do no damage.
Terence is almost dead.
Terence hits you with a +5 flail of protection.
* * * LOW HITPOINT WARNING * * *
You hit Terence but do no damage.
Terence is almost dead.
Terence barely misses you.
Terence hits you with a +5 flail of protection.
You die...

### #.##.#.## #...#
########.##.#.# #...#
..............# #...#
.....#.#.##...######...#
.....#.#..<...#.........
.....#.#................
.......##.#..##....)....
......:##.#..#######...#
.......@.....# #...#
#.#...@..#..## #...#
###.##...#########...#
#. ##.###..........# .
#.# #.########## ## #.#
#.# ##.##
..###.######...#
###......##.....
#.#...........


You could see Terence.

Vanquished Creatures
  Jessica (D:2)
  An adder (D:2)
  4 ball pythons (D:1)
  A bat (D:1)
  3 endoplasms (D:1)
  A goblin (D:1)
  4 hobgoblins
  4 jackals (D:1)
  4 kobolds (D:1)
  A quokka (D:2)
  2 frilled lizards (D:1)
  2 rats
28 creatures vanquished.

Notes
Turn   | Place    | Note
-------+----------+-------------------------------------------
     0 | D:1      | Ijustatesigmund the Gargoyle Fighter began the quest for
                  | the Orb.
     0 | D:1      | Reached XP level 1. HP: 14/14 MP: 1/1
   220 | D:1      | Reached XP level 2. HP: 1/19 MP: 2/2
   714 | D:1      | You fall into a shaft and drop 1 floor!
   749 | D:2      | Noticed Jessica
   753 | D:2      | Killed Jessica
   754 | D:2      | Reached XP level 3. HP: 24/24 MP: 3/3
   988 | D:1      | Found a faded altar of an unknown god.
  1142 | D:1      | Reached skill level 4 in Fighting
  1413 | D:2      | Reached XP level 4. HP: 25/29 MP: 4/4
  1466 | D:2      | Noticed Terence
  1480 | D:2      | Slain by Terence

Illustrated notes

Levels and vault maps discovered:
D:1:      amcnicky_arrival_wind_blow, layout_loops_cross,
          shapermc_ecumenical_altar_starsandcircs
D:2:      layout_loops_cross, eino_tiny_chamber, uniq_terence, uniq_natasha,
          uniq_jessica

Skill      XL: |  1  2  3 |
---------------+----------+-----
Maces & Flails | 3 |  3.7
Fighting       | 4 |  4.0
Armour         | |  3.2
Shields        | |  3.2

Action                   |  1- 3 |  4- 6 || total
-------------------------+-------+-------++-------
Melee: Flail             |   100 |    14 ||   114
Armor: Scale mail        |    47 |     4 ||    51
Dodge: Dodged            |    32 |     3 ||    35
Block: Kite shield       |    54 |     4 ||    58
